 Dungeon Crawl Stone Soup version 0.31-a0-818-ge7c7cf74f0 (webtiles) character file.

Game seed: 249636285253566491

37 randomguy2701 the Gusty (level 3, -2/19 HPs)
             Began as a Tengu Air Elementalist on Sept 22, 2023.
             Killed from afar by Natasha (7 damage)
             ... with a magic dart
             ... on level 2 of the Dungeon.
             The game lasted 00:01:41 (1533 turns).

randomguy2701 the Gusty (Tengu Air Elementalist)    Turns: 1533, Time: 00:01:42

Health: -2/19      AC:  2    Str:  8    XL:     3   Next: 39%
Magic:  1/7        EV: 27    Int: 15    God:
Gold:   97         SH:  0    Dex: 16    Spells: 5/6 levels left

rFire   . . .        (no weapon)
rCold   . . .        (no shield)
rNeg    . . .        a - +0 robe
rPois   .            (helmet restricted)
rElec   .            (no cloak)
rCorr   .            (no gloves)
SInv    .            (boots unavailable)
Will    .....        i - amulet of regeneration
Stlth   ++           (no ring)
HPRegen 1.03/turn    (no ring)
MPRegen 0.10/turn

%: acrobat
@: acrobatic, very slightly contaminated
A: beak, talons 3, acrobatic
a: no special abilities


You were on level 2 of the Dungeon.
You visited 1 branch of the dungeon, and saw 2 of its levels.

You collected 97 gold pieces.

Inventory:

Armour
 a - a +0 robe (worn)
Jewellery
 i - an amulet of regeneration (around neck)
Scrolls
 f - a scroll of fear {unknown}
 g - a scroll of vulnerability {unknown}
 h - a scroll of revelation {unknown}
 j - a scroll of fog {unknown}
Potions
 b - a potion of magic
 c - a potion of brilliance {unknown}
 d - a potion of might {unknown}
 e - 2 potions of haste {unknown}


   Skills:
 + Level 2.3 Dodging
 + Level 2.4 Stealth
 + Level 2.3 Spellcasting
 + Level 1.8 Conjurations
 + Level 4.8 Air Magic


You had 5 spell levels left.
You knew the following spells:

 Your Spells              Type           Power      Damage    Failure   Level
a - Shock                 Conj/Air       44%        1d5       5%          1

Your spell library contained the following spells:

 Spells                   Type           Power      Damage    Failure   Level
 Static Discharge         Conj/Air       22%        2-3/arc   9%          2
 Swiftness                Air            16%        N/A       9%          3
 Airstrike                Air            8%         2d(2-18)  28%         4
 Ensorcelled Hibernation  Hex/Ice        2%         N/A       32%         2
 Passwall                 Tmut/Erth      0%         N/A       32%         2
 Wereblood                Tmut           1%         N/A       32%         2
 Irradiate                Conj/Tmut      2%         3d12      99%         5


Dungeon Overview and Level Annotations

Branches:
Dungeon (2/15)

Altars:

Annotations:
D:2 Natasha


Innate Abilities, Weirdness & Mutations

You have a beak for a mouth.
You have claws for feet.
You can magically evade attacks while moving or waiting.


Message History

Natasha stares at you and mumbles some strange words.
The magic dart hits you!
The cerulean imp hits you from afar with a +1 spear.
You are too injured to fight recklessly!
Casting: Shock (safe; 5% risk of failure)
Confirm with . or Enter, or press ? or * to list all spells.
Aiming: Shock (safe; 5% risk of failure)
Press: ? - help, Shift-Dir - straight line, f/p - Natasha
Aim: Natasha (heavily wounded, 60% to hit)
The zap hits Natasha.
Natasha is severely wounded.
The zap hits the cerulean imp.
The cerulean imp resists.
The cerulean imp is lightly wounded.
Natasha barely misses you.
The cerulean imp hits you from afar with a +1 spear.
* * * LOW HITPOINT WARNING * * *
Casting: Shock (safe; 5% risk of failure)
Confirm with . or Enter, or press ? or * to list all spells.
Aiming: Shock (safe; 5% risk of failure)
Press: ? - help, Shift-Dir - straight line, f/p - Natasha
Aim: Natasha (severely wounded, 60% to hit)
The zap hits Natasha.
Natasha is almost dead.
The zap hits the cerulean imp.
The cerulean imp resists.
The cerulean imp is moderately wounded.
Natasha claws you but does no damage.
The cerulean imp hits you from afar with a +1 spear.
* * * LOW HITPOINT WARNING * * *
Casting: Shock (safe; 5% risk of failure)
Confirm with . or Enter, or press ? or * to list all spells.
You don't have enough magic to cast this spell.
Unknown command.
The cerulean imp attacks as it pursues you!
The cerulean imp hits you but does no damage.
The cerulean imp attacks as it pursues you!
The cerulean imp completely misses you. Natasha casts a spell at you.
The magic dart hits you!
You die...
Natasha begins licking her fur clean.

........# ### ....... ......###
##.## ......[
....##..####...###=......
.....#.P.P#P...##........
...#...#.##.P~.♣#.##
.......#.#..~~._#..##
.....<##P.#.~~[♣#h5.#
.....####.#P...##...#
...#..^..###..P#@...#
...#.......##P##....#
...#.######.###.....# #....#
##.........# ##.###
#..........# ...###
#..........## .....#
#.......(...########## ..#..##
#...........#........#
......####....................#


You could see Natasha and a cerulean imp (summoned).

Vanquished Creatures
  An adder (D:2)
  3 dart slugs
  2 bats (D:2)
  3 endoplasms (D:1)
  3 goblins
  2 hobgoblins (D:2)
  A quokka (D:1)
  3 frilled lizards
  3 kobolds
  2 rats
23 creatures vanquished.

Notes
Turn   | Place    | Note
-------+----------+-------------------------------------------
     0 | D:1      | randomguy2701 the Tengu Air Elementalist began the quest
                  | for the Orb.
     0 | D:1      | Reached XP level 1. HP: 10/10 MP: 4/4
   307 | D:1      | Reached XP level 2. HP: 15/15 MP: 3/6
   950 | D:2      | Reached XP level 3. HP: 13/19 MP: 1/7
  1499 | D:2      | Found a faded altar of an unknown god.
  1522 | D:2      | Noticed Natasha
  1533 | D:2      | Killed from afar by Natasha

Illustrated notes

Levels and vault maps discovered:
D:1:      orjb1_lava_funnel, layout_basic
D:2:      layout_rooms, dreamdust_ecumenical_altar_hidden_monk_grotto,
          uniq_natasha

Action                     || total
---------------------------++-------
   Cast: Shock             ||    79
 Armour: Robe              ||    18
  Dodge: Dodged            ||    11

Table legend: (Time is in decaauts)
 A = Elapsed time spent in this place.
 B = Non-inter-level travel time spent in this place.
 C = Inter-level travel time spent in this place.
 D = Time resting spent in this place.
 E = Time spent auto-exploring this place.
 F = Levels seen in this place.
 G = Mean time per level.
                   A        B        C        D        E       F      G
               +--------+--------+--------+--------+--------+-----+--------+
         Total |   1534 |   1525 |      9 |      0 |   1345 |   2 |  767.0 |
       Dungeon |   1534 |   1525 |      9 |      0 |   1345 |   2 |  767.0 |
               +--------+--------+--------+--------+--------+-----+--------+

Top non-repeatable levels by time:
     D:1: 771 daAuts
     D:2: 763 daAuts
